 Dungeon Crawl Stone Soup version 0.21-a0-471-gd587bd5 (webtiles) character file.

2142 tof the Slasher (level 9, -4/69 HPs)
             Began as a Demonspawn Berserker on Nov 21, 2017.
             Was a Priest of Trog.
             Slain by a killer bee (6 damage)
             ... on level 7 of the Dungeon.
             The game lasted 00:09:42 (6558 turns).

tof the Slasher (Demonspawn Berserker)              Turns: 6558, Time: 00:09:43

Health: -4/69      AC:  9    Str: 18    XL:     9   Next: 9%
Magic:  9/9        EV: 10    Int: 11    God:    Trog [***...]
Gold:   52         SH:  0    Dex: 21    Spells: 8/8 levels left

rFire    . . .     SeeInvis .   a - +0 falchion
rCold    . . .     Gourm    .   (no shield)
rNeg     . . .     Faith    .   g - +0 chain mail
rPois    .         Spirit   .   (helmet restricted)
rElec    .         Reflect  .   (no cloak)
rCorr    .         Harm     .   (no gloves)
MR       .....                  (no boots)
Stlth    ..........             (no amulet)
HPRegen  0.21/turn              n - ring of loudness (curse)
MPRegen  0.11/turn              (no ring)

@: lethally poisoned (-4 -> -11), berserk cooldown, slowed, very slow
A: antennae 1, thin skeletal structure 2, agile 1, blurry vision 1, clever 1,
demonic guardian 1, high mp 1, spiny 2, wild magic 1
a: Berserk, Trog's Hand, Burn Spellbooks, Renounce Religion


You were on level 7 of the Dungeon.
You worshipped Trog.
Trog was most pleased with you.
You were not hungry.

You visited 1 branch of the dungeon, and saw 7 of its levels.

You collected 340 gold pieces.
You spent 288 gold pieces at shops.

Inventory:

Hand Weapons
 a - a +0 falchion (weapon)
Missiles
 y - 8 javelins
 C - 5 steel tomahawks (quivered)
Armour
 b - a +0 animal skin
 g - a +0 chain mail (worn)
Jewellery
 n - a cursed ring of loudness (left hand)
 E - an uncursed ring of see invisible {unknown}
Scrolls
 f - 7 scrolls of identify {unknown}
 h - 4 scrolls of amnesia {unknown}
 j - 4 scrolls of remove curse {unknown}
 l - 3 scrolls of blinking {unknown}
 q - a scroll of fear {unknown}
 s - 3 scrolls of teleportation {unknown}
 u - 2 scrolls of noise {unknown}
 B - a scroll of enchant armour {unknown}
Potions
 d - 3 potions of degeneration {unknown}
 e - 5 potions of curing
 i - 2 potions of haste {unknown}
 k - a potion of might {unknown}
 m - 3 potions of mutation
 p - a potion of berserk rage {unknown}
 t - a potion of resistance {unknown}
 v - a potion of heal wounds {unknown}
 w - a potion of agility {unknown}
 x - a potion of ambrosia {unknown}
 z - a potion of brilliance
 D - 4 potions of flight
Books
 A - a book of Cantrips

   Spells                             Type                      Level
   a - Confusing Touch                Hexes                        1
   b - Animate Skeleton               Necromancy                   1
   c - Summon Small Mammal            Summoning                    1
   d - Apportation                    Translocation                1
   Trog disapproves of the use of such an item.
Comestibles
 c - 3 bread rations
 o - 4 meat rations
 r - 6 fruits


   Skills:
 + Level 6.1 Fighting
 * Level 7.5 Long Blades
 + Level 5.1 Armour
 + Level 5.1 Dodging


You had 8 spell levels left.
You didn't know any spells.

Dungeon Overview and Level Annotations

Branches:
Dungeon (7/15)             Temple (0/1) D:4

Altars:
Cheibriados
Fedhas
Hepliaklqana
Qazlal
Sif Muna
Uskayaw
Xom
Yredelemnul

Shops:
D:6 !

Annotations:
D:7 Joseph; kiturien's ghost, novice MiFi


Innate Abilities, Weirdness & Mutations

You have a moderately thin skeletal structure. (Dex +4, Stealth+)
A weak demonic guardian rushes to your aid.
You are mostly covered in sharp spines.
You have a pair of small antennae on your head.
You are agile. (Dex +2)
Scrolls take you a little longer to read.
Your mind is acute. (Int +2)
You have an increased reservoir of magic. (+10% MP)
Your spells are a little harder to cast, but a little more powerful.


Message History

* * * LOW HITPOINT WARNING * * *
The killer bee stings you.
* * * LOW HITPOINT WARNING * * *
A crimson imp comes into view.
You feel sick.
The crimson imp shouts!
You hear a shout! x2
The killer bee stings you.
* * * LOW HITPOINT WARNING * * *
You are lethally poisoned!
The killer bee poisons you!
The killer bee stings you but does no damage.
The killer bee is struck by your spines.
The killer bee stings you.
* * * LOW HITPOINT WARNING * * *
Your quasit misses kiturien's ghost.
Your quasit closely misses kiturien's ghost. x2
Joseph shoots a sling bullet.
The sling bullet barely misses you.
The killer bee stings you but does no damage.
The killer bee stings you.
You die...

###########
....#.....#####
....).....(...#
..............#
..............#
........y@y...##...
......55W..<.......
......[(†.....##...
.......@.......5..
....#.........##a..
### #.###.....# ..
#. ###..## . ##
##.# .#


You could see Joseph, a worker ant (wandering), 2 killer bees, kiturien's ghost,
a crimson imp, a friendly iron imp and a friendly quasit.

Vanquished Creatures
  Sigmund (D:4)
  Eustachio (D:6)
  Menkaure (D:4)
  2 ice beasts
  2 sky beasts (D:5)
  3 ogres
  A centaur (D:5)
  A bullfrog (D:6)
  2 scorpions
  3 killer bees (D:7)
  2 bullfrog skeletons (D:4)
  An orc priest (D:6)
  2 orc wizards
  Jessica (D:3)
  An iguana (D:4)
  4 worker ants
  A hound skeleton (D:6)
  A worker ant zombie (D:3)
  8 adders
  3 oozes
  2 adder skeletons
  3 worms
  A dart slug (D:2)
  A leopard gecko (D:1)
  17 orcs
  8 giant cockroaches
  10 goblins
  8 hobgoblins
  4 jackals
  7 kobolds
  3 quokkas (D:3)
  3 ball pythons
  6 bats
  5 frilled lizards
  A quokka skeleton (D:5)
  8 rats
128 creatures vanquished.

Vanquished Creatures (collateral kills)
  The ghost of p0werm0de the Conjurer, an amateur DsFE (D:4)
  A phantom (D:5)
  The ghost of p0werm0de the Conjurer, an amateur DsFE (D:5)
  A scorpion (D:4)
  A howler monkey (D:4)
  An orc priest (D:4)
  An orc wizard (D:6)
  An orc (D:6)
8 creatures vanquished.

Vanquished Creatures (others)
  2 plants (D:4)
2 creatures vanquished.

Grand Total: 138 creatures vanquished

Notes
Turn   | Place    | Note
-------+----------+-------------------------------------------
     0 | D:1      | tof the Demonspawn Berserker began the quest for the Orb.
     0 | D:1      | Reached XP level 1. HP: 18/18 MP: 1/1
   322 | D:1      | Gained mutation: You are partially covered in sharp spines. [demonic ancestry]
   322 | D:1      | Reached XP level 2. HP: 24/24 MP: 2/2
   439 | D:1      | Reached skill level 3 in Long Blades
   838 | D:2      | Gained mutation: You are mostly covered in sharp spines. [demonic ancestry]
   838 | D:2      | Reached XP level 3. HP: 29/29 MP: 3/3
  1153 | D:2      | Found a blossoming altar of Fedhas.
  1217 | D:2      | Found a hide-covered altar of Uskayaw.
  1329 | D:2      | Reached ** piety under Trog
  1558 | D:2      | Found a deep blue altar of Sif Muna.
  1652 | D:2      | Found a stormy altar of Qazlal.
  1766 | D:2      | Reached XP level 4. HP: 24/35 MP: 4/4
  2003 | D:3      | Found a shimmering altar of Xom.
  2367 | D:3      | Noticed Jessica
  2371 | D:3      | Killed Jessica
  2371 | D:3      | Reached skill level 4 in Long Blades
  2371 | D:3      | Reached XP level 5. HP: 30/42 MP: 5/5
  3050 | D:4      | Reached *** piety under Trog
  3050 | D:4      | Gained mutation: A weak demonic guardian rushes to your aid. [demonic ancestry]
  3050 | D:4      | Reached XP level 6. HP: 29/48 MP: 6/6
  3810 | D:4      | Reached skill level 5 in Long Blades
  3810 | D:4      | Reached XP level 7. HP: 55/55 MP: 7/7
  3889 | D:4      | Found a staircase to the Ecumenical Temple.
  4102 | D:4      | Noticed Menkaure
  4103 | D:4      | Noticed Sigmund
  4107 | D:4      | Noticed p0werm0de's ghost (amateur DsFE)
  4256 | D:4      | Killed Sigmund
  4277 | D:4      | Killed Menkaure
  4356 | D:4      | Killed p0werm0de's ghost
  4356 | D:4      | Reached skill level 5 in Fighting
  4381 | D:4      | Reached skill level 6 in Long Blades
  4381 | D:4      | Gained mutation: You have a somewhat thin skeletal structure. (Dex +2, Stealth) [demonic ancestry]
  4381 | D:4      | Reached XP level 8. HP: 38/62 MP: 8/8
  4858 | D:5      | Entered Level 5 of the Dungeon
  4859 | D:5      | Found a basalt altar of Yredelemnul.
  4939 | D:5      | Found a basalt altar of Yredelemnul.
  5108 | D:5      | Noticed p0werm0de's ghost (amateur DsFE)
  5119 | D:5      | Killed p0werm0de's ghost
  5453 | D:5      | Gained mutation: You have a pair of small antennae on your head. [mutagenic meat]
  5454 | D:5      | Gained mutation: Your spells are a little harder to cast, but a little more powerful. [mutagenic meat]
  5455 | D:5      | Gained mutation: Scrolls take you a little longer to read. [mutagenic meat]
  5456 | D:5      | Gained mutation: You are agile. (Dex +2) [mutagenic meat]
  5457 | D:5      | Gained mutation: Your mind is acute. (Int +2) [mutagenic meat]
  5458 | D:5      | Gained mutation: You have an increased reservoir of magic. (+10% MP) [mutagenic meat]
  5792 | D:6      | Reached skill level 7 in Long Blades
  5897 | D:6      | Found a snail-covered altar of Cheibriados.
  5965 | D:6      | Noticed Eustachio
  5988 | D:6      | Killed Eustachio
  5988 | D:6      | Reached skill level 5 in Dodging
  6068 | D:6      | Found a hazy altar of Hepliaklqana.
  6127 | D:6      | Reached skill level 5 in Armour
  6127 | D:6      | Gained mutation: You have a moderately thin skeletal structure. (Dex +4, Stealth+) [demonic ancestry]
  6127 | D:6      | Reached XP level 9. HP: 38/69 MP: 9/9
  6375 | D:6      | Found Mynlisoj's Distillery.
  6378 | D:6      | Bought a potion of curing for 36 gold pieces
  6378 | D:6      | Bought a potion of flight for 36 gold pieces
  6378 | D:6      | Bought a potion of mutation for 96 gold pieces
  6378 | D:6      | Bought a potion of curing for 36 gold pieces
  6378 | D:6      | Bought a potion of curing for 36 gold pieces
  6378 | D:6      | Bought a potion of brilliance for 48 gold pieces
  6539 | D:7      | Noticed kiturien's ghost (novice MiFi)
  6550 | D:7      | Noticed Joseph
  6558 | D:7      | HP: 2/69 [killer bee (2)]
  6558 | D:7      | Slain by a killer bee

Vault maps used:
D:1:      dpeg_arrival_simpleton_a
D:2:      old_standard_altar, fedhas_altar_1, lemuel_blue_sif_altar,
          nicolae_qazlal_eye_of_the_storm
D:3:      lemuel_crystal_altar, first_bread, guppyfry_early_orc_mine,
          uniq_jessica
D:4:      minmay_temple_entry_glass, chequers_big_river, uniq_sigmund,
          uniq_menkaure
D:5:      kennysheep_mini, minmay_misc_feat_more_columns,
          yredelemnul_altar_generic
D:6:      nicolae_overflow_hidden_temple, old_standard_altar, serial_shops,
          shop_statue, uniq_eustachio
D:7:      gammafunk_temple_overflow_forgotten, enter_bailey_3, uniq_joseph

Skill      XL: |  1  2  3  4  5  6  7  8 |
---------------+-------------------------+-----
Long Blades    | 3 4 5 6 7 |  7.5
Armour         | 2 3 4 5 |  5.1
Dodging        | 2 3 4 5 |  5.1
Fighting       | 4 5 6 |  6.1

Action                   |  1- 3 |  4- 6 |  7- 9 || total
-------------------------+-------+-------+-------++-------
Melee: Falchion          |   109 |   127 |   157 ||   393
Invok: Berserk           |     1 |     1 |     3 ||     5
       Trog's Hand       |       |       |     2 ||     2
 Stab: Distracted        |       |       |     2 ||     2
  Eat: Chunk             |     4 |     7 |    12 ||    23
       Bread ration      |       |       |     2 ||     2
Armor: Animal skin       |     4 |       |       ||     4
       Chain mail        |    40 |    58 |    61 ||   159
Dodge: Dodged            |    37 |    51 |    69 ||   157
       Rpst.: Falchion   |     7 |    12 |    21 ||    40

Table legend:
 A = Spawn XP
 B = Non-spawn XP
 C = Spawn XP percentage of total XP
 D = Spawn monster count
 E = Non-spawn monster count
 F = Spawn count percentage of total count
 G = Total turns spent on level
                    A         B        C        D         E        F      G
               +---------+---------+-------+---------+---------+-------+---------
         Total |       0 |    3060 |   0.0 |       0 |     136 |   0.0 |  6558
               +---------+---------+-------+---------+---------+-------+---------
           D:1 |       0 |      40 |   0.0 |       0 |      21 |   0.0 |   835
           D:2 |       0 |      62 |   0.0 |       0 |      26 |   0.0 |  1027
           D:3 |       0 |     170 |   0.0 |       0 |      30 |   0.0 |  1214
           D:4 |       0 |    1209 |   0.0 |       0 |      28 |   0.0 |  1782
           D:5 |       0 |     839 |   0.0 |       0 |      17 |   0.0 |   926
           D:6 |       0 |     552 |   0.0 |       0 |      11 |   0.0 |   751
           D:7 |       0 |     188 |   0.0 |       0 |       3 |   0.0 |    23
               +---------+---------+-------+---------+---------+-------+---------
